 Dungeon Crawl Stone Soup version 0.26-a0-478-g6c97825307 (webtiles) character file.

Game seed: 13156434382081572411

24539 Infinimo the Carver (level 13, -5/177 HPs)
             Began as a Hill Orc Fighter on Aug 1, 2020.
             Was an Initiate of Gozag.
             Slain by a minotaur
             ... wielding the cursed +2 glaive of Objectivity {antimagic, rPois rF+ MR- Stlth+}
              (26 damage)
             ... in a Gauntlet.
             The game lasted 00:20:35 (17492 turns).

Infinimo the Carver (Hill Orc Fighter)             Turns: 17492, Time: 00:20:36

Health: -5/177     AC: 26    Str: 21    XL:     13   Next: 13%
Magic:  1/13       EV:  2    Int: 11    God:    Gozag
Gold:   2964       SH: 12    Dex: 10    Spells: 12/12 levels left

rFire    + . .     SeeInvis .   n - +8 whip "Snakebite" {curare, rPois}
rCold    . . .     Faith    .   c - +0 kite shield
rNeg     + + +     Spirit   .   (armour currently unavailable)
rPois    +         Reflect  .   (helmet currently unavailable)
rElec    .         Harm     .   (cloak currently unavailable)
rCorr    .         NoTele   +   (gloves currently unavailable)
MR       .....                  (boots currently unavailable)
Stlth    +.........             d - amulet of regeneration
HPRegen  0.79/turn              E - ring of poison resistance
MPRegen  0.13/turn              u - ring of protection from fire

@: tree-form
A: no striking features
a: Potion Petition, Call Merchant, Bribe Branch, Renounce Religion


You were in a Gauntlet.
You worshipped Gozag.
Gozag was most pleased with you.
You were a tree.
You visited 3 branches of the dungeon, and saw 17 of its levels.
You also visited: Gauntlet.

You collected 3189 gold pieces.
You spent 154 gold pieces at shops.
You paid 71 gold pieces to Gozag.

Inventory:

Hand Weapons
 n - the +8 whip "Snakebite" (weapon) {curare, rPois}
   (You took it off a wight on level 7 of the Dungeon)

   It poisons the flesh of those it strikes.
   It protects you from poison.
 x - a +0 scimitar
 I - the +6 mace of Context {elec, rElec rC++ MR+ Dex-4}
   (You found it on level 11 of the Dungeon)

   Occasionally, upon striking a foe, it will discharge some electrical energy
   and cause terrible harm.
   It affects your dexterity (-4).
   It greatly protects you from cold.
   It insulates you from electricity.
   It affects your resistance to hostile enchantments.
 J - the +8 great sword of Guemed {venom, Str+4}
   (You found it in a Gauntlet)

   It poisons the flesh of those it strikes.
   It affects your strength (+4).
 O - the +3 scythe of Paocyo {holy, MR+ Int-5 Dex+2 Stlth+}
   (You found it in a Gauntlet)

   It has been blessed by the Shining One to cause great damage to the undead
   and demons.
   It affects your intelligence (-5).
   It affects your dexterity (+2).
   It affects your resistance to hostile enchantments.
   It makes you more stealthy.
Armour
 c - a +0 kite shield (worn)
 j - a +0 plate armour (melded)
 v - a +1 helmet (melded)
 z - a +2 pair of gloves (melded)
 K - a scarf of shadows (melded)
 M - a +2 pair of boots of flying (melded)
Jewellery
 d - an amulet of regeneration (around neck)
 e - a +6 ring of strength
 u - a ring of protection from fire (right branch)
 E - a ring of poison resistance (left branch)
 N - the amulet "Luriniyk" {Inacc Int+3}
   (You found it in a Gauntlet)

   [amulet of inaccuracy]

   It reduces the accuracy of all your attacks.
   It affects your intelligence (+3).
Wands
 a - a wand of disintegration (7)
 b - a wand of clouds (7)
 h - a wand of digging (7)
 q - a wand of iceblast (12)
Scrolls
 f - 3 scrolls of fear
 p - 9 scrolls of remove curse
 r - 10 scrolls of teleportation
 s - 3 scrolls of amnesia
 y - 3 scrolls of enchant weapon
 A - 6 scrolls of identify
 B - a scroll of fog
 F - 2 scrolls of enchant armour
 G - a scroll of summoning
 L - a scroll of blinking
Potions
 g - 5 potions of magic
 i - 4 potions of resistance
 k - 4 potions of mutation
 m - 2 potions of stabbing
 o - 6 potions of curing
 t - 3 potions of lignification
 w - a potion of might
 D - a potion of invisibility
 H - a potion of brilliance


   Skills:
 + Level 12.1 Fighting
 * Level 14.6 Long Blades
 + Level 11.1 Armour
 + Level 11.1 Shields


You had 12 spell levels left.
You didn't know any spells.
Your spell library contained the following spells:

 Spells                   Type           Power        Failure   Level
 Corona                   Hex            #......      50%         1
 Foxfire                  Conj/Fire      #...         50%         1
 Magic Dart               Conj           #...         50%         1
 Sandblast                Erth           #.....       50%         1
 Summon Small Mammal      Summ           #...         50%         1
 Blink                    Tloc           N/A          65%         2
 Call Imp                 Summ           #.......     65%         2
 Ensorcelled Hibernation  Hex/Ice        #.....       65%         2
 Passwall                 Tmut/Erth      #.......     65%         2
 Slow                     Hex            #.......     65%         2
 Call Canine Familiar     Summ           #.......     86%         3
 Confusing Touch          Hex            #.......     86%         3
 Conjure Flame            Conj/Fire      #.......     86%         3
 Dazzling Flash           Conj/Hex       #.....       86%         3
 Inner Flame              Hex/Fire       #.......     86%         3
 Mephitic Cloud           Conj/Pois/Air  #.......     86%         3
 Stone Arrow              Conj/Erth      #.....       86%         3
 Summon Guardian Golem    Hex/Summ       #.......     86%         3
 Tukima's Dance           Hex            #.......     86%         3
 Petrify                  Tmut/Erth      #.......     99%         4
 Sticky Flame             Conj/Fire      #.......     99%         4
 Summon Ice Beast         Ice/Summ       #.......     99%         4
 Summon Lightning Spire   Summ/Air       #.......     99%         4
 Fireball                 Conj/Fire      #.........   100%        5
 Lee's Rapid Deconstruct  Erth           #.........   100%        5


Dungeon Overview and Level Annotations

Branches:
Dungeon (12/15)            Temple (1/1) D:5            Lair (4/6) D:11
 Shoals (0/4) Lair:4       Spider (0/4) Lair:3          Orc (0/2) D:12
Gauntlet (1/1)

Altars:
Ashenzari
Cheibriados
Dithmenos
Elyvilon
Fedhas
Gozag
Hepliaklqana
Kikubaaqudgha
Makhleb
Nemelex Xobeh
Okawaru
Qazlal
Ru
Sif Muna
Trog
Uskayaw
Vehumet
Wu Jian
Xom
Yredelemnul
Zin
The Shining One

Shops:
D:5 (!?:   D:11 [

Annotations:
Gauntlet 6 transporters, 17 runed translucent doors


Message History

You block the minotaur's attack.
The minotaur is severely wounded.
The minotaur hits you with the cursed +2 glaive of Objectivity {antimagic, rPois rF+ MR- Stlth+}.
* * * LOW HITPOINT WARNING * * *
Okay, then.
Unknown command.
You feel better. You block the minotaur's attack.
You feel better.
The minotaur hits you with the cursed +2 glaive of Objectivity {antimagic, rPois rF+ MR- Stlth+}!!
* * * LOW HITPOINT WARNING * * *
The minotaur gores you!
* * * LOW HITPOINT WARNING * * *
You feel better.
The minotaur is almost dead.
You block the minotaur's attack.
The minotaur looks as sick as possible!
The minotaur is almost dead.
The minotaur hits you with the cursed +2 glaive of Objectivity {antimagic, rPois rF+ MR- Stlth+}!!
You die...
Your body crumbles into a pile of gold.

^######©#..#.8..
.......##..#...#
#########..#...#
..........≈#.©.# .#
..........∩#...###.
..........§#.©.#..
#########..#...#.# #####
.+..+...#..#...#.#.....#
^+..+...#..#.8..♣H....8#
+#++##.(#..#...###.##.##
.'...).[#..#.8.......
.#..)).©#..#...#######
.+...'..#..#≈8≈#
+#++##..#..#####
^+..+...#..#
.+..+...#..###
#########..#8#


You could see a minotaur (extremely poisoned).

Vanquished Creatures
  A hydra (Lair:2)
  Harold (D:11)
  3 two-headed ogres
  Sonja (D:11)
  Pikel (D:6)
  2 ugly things
  4 centaur zombies
  An apocalypse crab (Gauntlet)
  A gargoyle (D:10)
  3 black mambas
  A kobold demonologist (D:10)
  A rime drake (Lair:1)
  2 komodo dragons
  2 trolls
  3 meliai (Gauntlet)
  A jumping spider (Lair:3)
  6 hippogriffs
  11 blink frogs
  A redback (Lair:3)
  2 wyverns
  5 yaks (D:11)
  2 basilisks
  5 water moccasins
  6 porcupines
  5 sky beasts
  6 ice beasts
  2 black bears
  4 orc warriors
  3 ogres
  2 phantoms
  4 wolves (Lair:3)
  5 centaurs
  9 crocodiles
  A lemure (D:5)
  14 bullfrogs
  A gnoll sergeant (D:8)
  A wyvern skeleton (D:7)
  8 scorpions
  22 killer bees
  14 wights
  4 howler monkeys
  2 electric eels (Lair:1)
  A bullfrog zombie (D:10)
  8 hounds
  A quasit (D:8)
  12 orc priests
  A jelly (D:9)
  3 bullfrog skeletons
  4 centaur skeletons
  5 worker ants
  4 iguanas
  14 orc wizards
  3 hound zombies
  2 worker ant zombies
  Robin (D:3)
  3 gnolls (D:8)
  12 adders
  A river rat (D:3)
  A shadow imp (D:6)
  4 white imps
  2 ufetubi
  2 oozes
  2 adder zombies
  2 adder skeletons
  6 worms
  4 dart slugs
  13 leopard geckos
  59 orcs
  2 bat zombies (D:1)
  5 giant cockroaches
  15 goblins
  11 hobgoblins
  4 jackals (D:1)
  8 kobolds
  2 quokkas
  2 ball pythons (D:4)
  4 bats
  6 frilled lizards
  A jackal skeleton (D:5)
  A leopard gecko skeleton (D:4)
  2 quokka skeletons
  A quokka zombie (D:8)
  5 rats
412 creatures vanquished.

Vanquished Creatures (others)
  An adder zombie (D:6)
  An orc (D:6)
  A fungus (D:11)
  A plant (Lair:1)
4 creatures vanquished.

Grand Total: 416 creatures vanquished

Notes
Turn   | Place    | Note
-------+----------+-------------------------------------------
     0 | D:1      | Infinimo the Hill Orc Fighter began the quest for the Orb.
     0 | D:1      | Reached XP level 1. HP: 19/19 MP: 1/1
    90 | D:1      | Reached XP level 2. HP: 25/27 MP: 2/2
   339 | D:1      | Reached XP level 3. HP: 30/33 MP: 3/3
   496 | D:1      | Reached skill level 3 in Long Blades
  1110 | D:2      | Reached XP level 4. HP: 40/40 MP: 4/4
  1962 | D:3      | Found a shattered altar of Ashenzari.
  2067 | D:3      | Reached XP level 5. HP: 37/47 MP: 5/5
  2321 | D:3      | Reached skill level 4 in Long Blades
  2344 | D:3      | Noticed Robin
  2351 | D:3      | Killed Robin
  3067 | D:3      | Reached XP level 6. HP: 22/55 MP: 6/6
  3453 | D:3      | Reached skill level 5 in Fighting
  3453 | D:3      | Reached skill level 5 in Long Blades
  3776 | D:4      | Reached XP level 7. HP: 39/61 MP: 7/7
  3911 | D:4      | Found a bloodstained altar of Trog.
  4121 | D:4      | Found a hide-covered altar of Uskayaw.
  4364 | D:4      | Reached skill level 5 in Armour
  4663 | D:5      | Entered Level 5 of the Dungeon
  4669 | D:5      | Found Ceoz Icw's Book Shoppe.
  4699 | D:5      | Reached skill level 6 in Long Blades
  4699 | D:5      | Reached skill level 5 in Shields
  5218 | D:5      | Found a staircase to the Ecumenical Temple.
  5230 | D:5      | Reached XP level 8. HP: 61/70 MP: 8/8
  5235 | Temple   | Entered the Ecumenical Temple
  5376 | Temple   | Became a worshipper of Gozag Ym Sagoz the Greedy
  5683 | D:5      | Found Idghoath's Distillery.
  5683 | D:5      | Found Keosum's Magic Scroll Shoppe.
  5692 | D:5      | Bought a potion of heal wounds for 70 gold pieces
  5692 | D:5      | Bought 2 potions of curing for 84 gold pieces
  5771 | D:5      | Found Haxy's Weapon Boutique.
  6172 | D:6      | Reached skill level 7 in Long Blades
  6194 | D:6      | Noticed Pikel
  6356 | D:6      | Killed Pikel
  6356 | D:6      | Reached skill level 8 in Long Blades
  6470 | D:6      | Reached XP level 9. HP: 79/79 MP: 9/9
  6542 | D:6      | Found a radiant altar of Vehumet.
  7361 | D:6      | Found a shimmering blue altar of Sif Muna.
  7751 | D:7      | Reached skill level 9 in Long Blades
  8198 | D:7      | Reached XP level 10. HP: 83/88 MP: 10/10
  8265 | D:7      | Found an ornate altar of the Wu Jian Council.
  8444 | D:7      | Reached skill level 10 in Long Blades
  9121 | D:8      | Found a bloodstained altar of Trog.
  9121 | D:8      | Found a snail-covered altar of Cheibriados.
  9126 | D:8      | Found a faded altar of an unknown god.
  9128 | D:8      | Found a faded altar of an unknown god.
  9130 | D:8      | Found a shimmering blue altar of Sif Muna.
 10066 | D:9      | Noticed a two-headed ogre
 10082 | D:9      | Killed a two-headed ogre
 10082 | D:9      | Reached skill level 11 in Long Blades
 10122 | D:9      | Reached XP level 11. HP: 84/97 MP: 11/11
 10771 | D:10     | Entered Level 10 of the Dungeon
 10772 | D:10     | Noticed a two-headed ogre
 10789 | D:10     | Killed a two-headed ogre
 10984 | D:10     | Reached skill level 12 in Long Blades
 10998 | D:10     | Reached skill level 10 in Fighting
 11178 | D:10     | Noticed a purple ugly thing
 11188 | D:10     | Killed a purple ugly thing
 11271 | D:10     | Identified the cursed +1 ring mail of the Lumpy Xenops
                  | {-Cast rPois MP+9 Str+4}
 11632 | D:11     | Noticed a purple ugly thing
 11644 | D:11     | Killed a purple ugly thing
 11785 | D:11     | Found a staircase to the Lair.
 12182 | D:11     | Noticed Sonja
 12195 | D:11     | Killed Sonja
 12195 | D:11     | Reached skill level 13 in Long Blades
 12195 | D:11     | Reached XP level 12. HP: 63/108 MP: 12/12
 12272 | D:11     | Found Uduxkip's Armour Shop.
 12327 | D:11     | Noticed Harold
 12339 | D:11     | Killed Harold
 12339 | D:11     | Reached skill level 10 in Armour
 12339 | D:11     | Reached skill level 10 in Shields
 12519 | D:11     | Noticed a two-headed ogre
 12527 | D:11     | Killed a two-headed ogre
 12740 | D:11     | Got an iridescent mace
 12741 | D:11     | Identified the +6 mace of Context {elec, rElec rC++ MR+
                  | Dex-4} (You found it on level 11 of the Dungeon)
 13112 | D:12     | Found a staircase to the Orcish Mines.
 13181 | D:12     | Found an opulent altar of Gozag.
 13860 | Lair:1   | Entered Level 1 of the Lair of Beasts
 15042 | Lair:2   | Noticed a five-headed hydra
 15063 | Lair:2   | Killed a five-headed hydra
 15063 | Lair:2   | Reached skill level 14 in Long Blades
 15987 | Lair:3   | Found a hole to the Spider Nest.
 16467 | Lair:3   | Reached XP level 13. HP: 114/117 MP: 13/13
 17029 | Lair:4   | Found a gate leading to a gauntlet.
 17036 | Gauntlet | Entered a Gauntlet
 17045 | Gauntlet | Found a transporter.
 17045 | Gauntlet | Found a transporter.
 17059 | Gauntlet | Found a transporter.
 17059 | Gauntlet | Found a transporter.
 17060 | Gauntlet | Found a large runed translucent door.
 17062 | Gauntlet | Found a large runed translucent door.
 17063 | Gauntlet | Found a large runed translucent door.
 17063 | Gauntlet | Found a large runed translucent door.
 17066 | Gauntlet | Found a transporter.
 17125 | Gauntlet | Found a transporter.
 17139 | Gauntlet | Found a transporter.
 17174 | Gauntlet | Found a large runed translucent door.
 17175 | Gauntlet | Found a large runed translucent door.
 17176 | Gauntlet | Found a large runed translucent door.
 17176 | Gauntlet | Found a large runed translucent door.
 17176 | Gauntlet | Found a runed translucent door.
 17177 | Gauntlet | Found a large runed translucent door.
 17178 | Gauntlet | Found a large runed translucent door.
 17179 | Gauntlet | Found a large runed translucent door.
 17179 | Gauntlet | Found a large runed translucent door.
 17180 | Gauntlet | Found a runed translucent gate.
 17189 | Gauntlet | Found a transporter.
 17189 | Gauntlet | Found a runed translucent gate.
 17190 | Gauntlet | Found a runed translucent gate.
 17200 | Gauntlet | Found a large runed translucent door.
 17201 | Gauntlet | Found a large runed translucent door.
 17202 | Gauntlet | Found a runed translucent door.
 17203 | Gauntlet | Found a large runed translucent door.
 17204 | Gauntlet | Found a large runed translucent door.
 17211 | Gauntlet | Found a transporter.
 17211 | Gauntlet | Found a transporter.
 17225 | Gauntlet | Found a transporter.
 17225 | Gauntlet | Found a transporter.
 17255 | Gauntlet | Got a transparent great sword
 17417 | Gauntlet | Got a sparkling brass amulet
 17421 | Gauntlet | Got an encrusted scythe
 17428 | Gauntlet | Identified the amulet "Luriniyk" {Inacc Int+3} (You found
                  | it in a Gauntlet)
 17448 | Gauntlet | Identified the +8 great sword of Guemed {venom, Str+4} (You
                  | found it in a Gauntlet)
 17449 | Gauntlet | Identified the +3 scythe of Paocyo {holy, MR+ Int-5 Dex+2
                  | Stlth+} (You found it in a Gauntlet)
 17461 | Gauntlet | Identified the cursed +2 glaive of Objectivity {antimagic,
                  | rPois rF+ MR- Stlth+}
 17461 | Gauntlet | Identified the amulet of Cemmadot {Reflect Fragile rPois
                  | MP+9 Dex+5 SH+5}
 17461 | Gauntlet | Noticed a minotaur
 17492 | Gauntlet | Slain by a minotaur

Illustrated notes

Levels and vault maps discovered:
D:1:      saegor_arrival_fortress, layout_loops_ring, palyth_stone_intersect
D:2:      layout_rooms, minmay_tree_intersection
D:3:      layout_loops_cross, nicolae_ashenzari_panopticon,
          gup_sewer_entry_bubbles, kennysheep_generic_room_8, uniq_robin
D:4:      layout_cave_pods, eat_drink_and_be_merry_uskayaw, trog_butcher_becter
D:5:      layout_basic, minmay_temple_entry_statues_pillars, serial_shops,
          shop_fountains, kennysheep_mini_moat, shop, shop,
          grunt_decor_fettered, nicolae_sextant
D:6:      kennysheep_orc_sif_temple, layout_cave_pools, fiery_altar_vehumet,
          uniq_pikel
D:7:      layout_basic, kennysheep_little_box
D:8:      minmay_s_stair_smasher, layout_cave_pods,
          chequers_temple_overflow_minitemple
D:9:      layout_loops_ring
D:10:     minmay_chambers_of_sixes, layout_basic
D:11:     layout_irregular_city, minmay_lair_entry_grove, serial_shops, shop,
          uniq_harold, uniq_sonja
D:12:     layout_irregular_city, hiddenorc2_lemuel, basic_altar,
          skrybe_limestone_x
Temple:   regret_index_temple_waves
Lair:1:   layout_gridlike, serial_bayou_lagoon_b, infiniplex_staircase_pool_2
Lair:2:   layout_hall_layers, grunt_megastairs_5, serial_bayou_shore_b
Lair:3:   layout_small_grid, spider_nest_entry_a,
          chequers_serial_rivers_micro_a, nicolae_quartered_pool_little
Lair:4:   layout_regular_city, elwin_shoals_entry_rooms, gauntlet_entry_generic,
          serial_bayou, serial_bayou_crossing, serial_bayou_pond_b,
          serial_bayou_pond_c, serial_bayou_shore_a, lemuel_centaur_altar
Gauntlet: gammafunk_gauntlet_hard_choice [gammafunk_gauntlet_arena_crates,
          nicolae_gauntlet_arena_blocks, nicolae_gauntlet_arena_quarters,
          nicolae_gauntlet_arena_flowing_pool,
          minmay_gauntlet_arena_make_your_own_arena,
          gammafunk_gauntlet_arena_spirals,
          nicolae_gauntlet_exit_dead_adventurers]

Skill      XL: |  1  2  3  4  5  6  7  8  9 10 11 12 13 |
---------------+----------------------------------------+-----
Fighting       | 4 5 6 7 8 9 10 11 12 | 12.1
Long Blades    | 3 4 5 6 8 9 11 13 14 | 14.6
Armour         | 4 5 6 7 8 9 10 11 | 11.1
Shields        | 4 5 6 7 8 9 10 11 | 11.1

Action                   |  1- 3 |  4- 6 |  7- 9 | 10-12 | 13-15 || total
-------------------------+-------+-------+-------+-------+-------++-------
Melee: Long sword        |   102 |   246 |   392 |    53 |       ||   793
       Whip              |       |       |       |   784 |    69 ||   853
       Mace              |       |       |       |    23 |       ||    23
Evoke: Wand              |       |       |     1 |     1 |       ||     2
  Use: Scroll            |       |     9 |     9 |     5 |     5 ||    28
       Potion            |       |     1 |       |     6 |    11 ||    18
 Stab: Distracted        |       |       |     2 |     2 |       ||     4
Armor: Scale mail        |    60 |   101 |   153 |       |       ||   314
       Plate armour      |       |       |    46 |   579 |    61 ||   686
       Skin              |       |       |       |       |     5 ||     5
Dodge: Dodged            |    44 |    79 |   105 |   218 |    21 ||   467
Block: Kite shield       |    56 |   119 |   200 |   592 |    64 ||  1031
       Rpst.: Long sword |    11 |    18 |    39 |     1 |       ||    69

Table legend: (Time is in decaauts)
 A = Elapsed time spent in this place.
 B = Non-inter-level travel time spent in this place.
 C = Inter-level travel time spent in this place.
 D = Time resting spent in this place.
 E = Time spent auto-exploring this place.
 F = Levels seen in this place.
 G = Mean time per level.
                   A        B        C        D        E       F      G
               +--------+--------+--------+--------+--------+-----+--------+
         Total |  17847 |  17133 |    714 |    730 |  13079 |  18 |  991.5 |
       Dungeon |  14096 |  13538 |    558 |    719 |  10041 |  12 | 1174.7 |
        Temple |    154 |    141 |     13 |      0 |    137 |   1 |  154.0 |
          Lair |   3137 |   2994 |    143 |     11 |   2591 |   4 |  784.2 |
      Gauntlet |    457 |    457 |      0 |      0 |    310 |   1 |  457.0 |
               +--------+--------+--------+--------+--------+-----+--------+

Top non-repeatable levels by time:
     D:3: 2143 daAuts
     D:6: 1655 daAuts
     D:5: 1372 daAuts
  Lair:3: 1353 daAuts
     D:7: 1243 daAuts
    D:11: 1211 daAuts
     D:4: 1092 daAuts
    D:12: 1077 daAuts
     D:1: 1011 daAuts
     D:8: 1008 daAuts
    D:10: 888 daAuts
  Lair:1: 875 daAuts
  Lair:2: 873 daAuts
     D:9: 835 daAuts
     D:2: 556 daAuts
